 Dungeon Crawl Stone Soup version 0.20-a0-1121-gbb42413 (webtiles) character file.

2501 Mesmaeker13 the Ducker (level 9, 0/72 HPs)
             Began as a Human Warper on May 10, 2017.
             Was an Initiate of Kikubaaqudgha.
             Slain by a two-headed ogre
             ... wielding a +0 giant club
              (3 damage)
             ... on level 8 of the Dungeon.
             The game lasted 00:20:45 (10643 turns).

Mesmaeker13 the Ducker (Human Warper)              Turns: 10643, Time: 00:20:46

Health: 0/72       AC: 10    Str: 12    XL:     9   Next: 82%
Magic:  12/12      EV:  9    Int: 16    God:    Kikubaaqudgha [......]
Gold:   279        SH:  6    Dex: 13    Spells: 12/12 levels left

rFire    . . .     SeeInvis +   s - +1 trident (venom)
rCold    . . .     Gourm    .   H - +0 shield
rNeg     . . .     Faith    .   e - +0 scale mail
rPois    .         Spirit   .   (no helmet)
rElec    .         Reflect  .   u - +0 cloak
rCorr    .         Harm     .   (no gloves)
MR       .....                  k - +0 pair of boots
Stlth    ..........             (no amulet)
Regen    0.3/turn               m - ring of see invisible
MPRegen  0.2/turn               x - +2 ring of protection

@: no status effects
A: no striking features
a: Renounce Religion


You were on level 8 of the Dungeon.
You worshipped Kikubaaqudgha.
Kikubaaqudgha was noncommittal.
You were not hungry.

You visited 1 branch of the dungeon, and saw 8 of its levels.

You collected 279 gold pieces.

Inventory:

Hand Weapons
 s - a +1 trident of venom (weapon)
 z - the +10 whip of the Vanishing Songs {slash, *Noise rElec Str+3, unknown}
   (You found it on level 7 of the Dungeon)

   It inflicts extra damage upon your enemies.
   It affects your strength (+3).
   It insulates you from electricity.
   It may make noises in combat.
Missiles
 i - 15 tomahawks (quivered)
Armour
 e - a +0 scale mail (worn)
 k - a +0 pair of boots (worn)
 r - a +0 ring mail
 u - a +0 cloak (worn)
 H - a +0 shield (worn)
Jewellery
 m - a ring of see invisible (left hand)
 o - an uncursed amulet of rage {unknown}
 w - an uncursed ring of wizardry {unknown}
 x - a +2 ring of protection (right hand)
 A - an uncursed ring of fire {unknown}
 C - an uncursed ring of protection from cold {unknown}
 F - a +1 ring of protection
Wands
 D - a wand of lightning (5/15)
 E - a wand of acid (0/15)
Scrolls
 d - a scroll of blinking
 l - 2 scrolls of magic mapping
 p - 3 scrolls of recharging
 q - 3 scrolls of enchant armour
 v - 3 scrolls of teleportation
 y - 4 scrolls of remove curse
Potions
 g - a potion of haste
 j - a potion of flight
 n - a potion of cancellation
 t - 2 potions of ambrosia
 B - a potion of heal wounds {unknown}
Books
 c - a book of Spatial Translocations

   Spells                             Type                      Level
   a - Blink                          Translocation                2
   b - Shroud of Golubria             Charms/Translocation         2
   c - Lesser Beckoning               Translocation                3
   d - Gell's Gravitas                Translocation                3
   e - Teleport Other                 Translocation                3
   f - Passage of Golubria            Translocation                4
Comestibles
 a - 3 meat rations
 b - 2 fruits
 f - 6 bread rations
 h - 5 royal jellies
 G - 3 chunks of flesh


   Skills:
 + Level 7.4 Fighting
 + Level 7.3 Polearms
 - Level 1.0 Throwing
 - Level 1.0 Armour
 + Level 7.8 Dodging
 + Level 0.0 Shields
 - Level 2.0 Spellcasting
   Level 3.0 Translocations


You had 12 spell levels left.
You didn't know any spells.

Dungeon Overview and Level Annotations

Branches:
Dungeon (8/15)             Temple (0/1) D:7            Lair (0/6) D:8

Altars:
Cheibriados
Fedhas
Kikubaaqudgha
Nemelex Xobeh
Ru
Uskayaw
Wu Jian
Xom
Yredelemnul
Zin


Message History

Press: ? - help, Shift-Dir - straight line, f/p - hungry ghost
Aim: a hungry ghost (heavily damaged)
The bolt of acid hits the two-headed ogre.
The two-headed ogre is splashed with acid.
The acid corrodes the two-headed ogre!
The two-headed ogre is severely wounded.
The bolt of acid misses the hungry ghost.
Evoking this partially-identified wand wasted a few charges.
The two-headed ogre hits you with a giant club!!
The two-headed ogre hits you but does no damage.
You barely miss the two-headed ogre.
The two-headed ogre is almost dead.
You block the two-headed ogre's attack. The two-headed ogre closely misses you.
You closely miss the two-headed ogre.
The two-headed ogre is almost dead.
The two-headed ogre hits you with a giant club!!
* * * LOW HITPOINT WARNING * * *
The two-headed ogre hits you with a dire flail.
You die...
Kikubaaqudgha rasps: "You have failed me!
Welcome... death!"

......W#..#...#..##
#+####.#...≈...#.#
............###....#
......#............#
..... #.......#...##
#..... #.#'###...###
#.....##....##W###
#...........##O#
+...........##@#
#......#.#+###.#
...#...#+###.#
..####.###.....#.#
.........'.....#.#
...#.#.###.....#.#
#.# #.....#.# #.#
#######.# #.# #.#


You could see a two-headed ogre and a hungry ghost.

Vanquished Creatures
  A hungry ghost (D:5)
  Menkaure (D:5)
  Duvessa (D:7)
  An orc warrior (D:6)
  2 sky beasts (D:6)
  2 phantoms (D:6)
  A centaur (D:7)
  A big kobold (D:7)
  3 bullfrogs
  Dowan (D:7)
  5 scorpions
  3 howler monkeys
  A crimson imp (D:5)
  A jelly (D:6)
  4 orc wizards
  A quasit (D:5)
  2 orc priests (D:5)
  2 hounds
  A bullfrog skeleton (D:5)
  Jessica (D:2)
  3 iguanas
  6 worker ants
  7 gnolls
  2 howler monkey skeletons
  5 adders
  2 shadow imps
  2 adder skeletons
  3 worms
  4 dart slugs
  4 leopard geckos
  43 orcs
  2 ball pythons
  4 giant cockroaches
  17 goblins
  16 hobgoblins
  9 jackals
  20 kobolds
  A quokka (D:6)
  14 bats
  8 frilled lizards
  2 quokka skeletons (D:4)
  9 rats
  2 fungi (D:8)
220 creatures vanquished.

Vanquished Creatures (others)
  An orc (D:5)
1 creature vanquished.

Grand Total: 221 creatures vanquished

Notes
Turn   | Place    | Note
-------+----------+-------------------------------------------
     0 | D:1      | Mesmaeker13 the Human Warper began the quest for the Orb.
     0 | D:1      | Reached XP level 1. HP: 16/16 MP: 3/3
    32 | D:1      | Reached XP level 2. HP: 14/22 MP: 5/5
   537 | D:1      | Reached XP level 3. HP: 22/28 MP: 6/6
  1081 | D:2      | Found a blossoming altar of Fedhas.
  1272 | D:2      | Noticed Jessica
  1288 | D:2      | Killed Jessica
  1288 | D:2      | Reached XP level 4. HP: 31/34 MP: 7/7
  1298 | D:2      | Found an ornate altar of the Wu Jian Council.
  1769 | D:2      | Found a shimmering altar of Xom.
  1977 | D:2      | Found a glowing silver altar of Zin.
  2134 | D:3      | Reached XP level 5. HP: 41/41 MP: 8/8
  3111 | D:3      | Found a sacrificial altar of Ru.
  3966 | D:3      | Reached XP level 6. HP: 20/48 MP: 9/9
  4791 | D:4      | Found a sparkling altar of Nemelex Xobeh.
  4791 | D:4      | Found a snail-covered altar of Cheibriados.
  4889 | D:4      | Reached XP level 7. HP: 28/54 MP: 10/10
  5634 | D:4      | Reached skill level 5 in Dodging
  6541 | D:5      | Entered Level 5 of the Dungeon
  6862 | D:5      | Noticed Menkaure
  6870 | D:5      | Killed Menkaure
  6870 | D:5      | Reached XP level 8. HP: 15/61 MP: 11/11
  7183 | D:5      | Reached skill level 5 in Fighting
  7253 | D:5      | Reached skill level 5 in Polearms
  7264 | D:5      | Found a basalt altar of Yredelemnul.
  8205 | D:5      | Got a steaming leather armour
  8216 | D:5      | Identified the cursed +0 leather armour "Ryinnot" {Dex+3} (You found it on level 5 of the Dungeon)
  8420 | D:6      | Reached XP level 9. HP: 62/69 MP: 12/12
  9654 | D:6      | Found a hide-covered altar of Uskayaw.
  9706 | D:7      | Noticed Dowan
  9707 | D:7      | Noticed Duvessa
  9738 | D:7      | Killed Duvessa
  9744 | D:7      | Killed Dowan
  9998 | D:7      | Got a crude whip
 10016 | D:7      | Found an ancient bone altar of Kikubaaqudgha.
 10024 | D:7      | Became a worshipper of Kikubaaqudgha
 10213 | D:7      | Found a staircase to the Ecumenical Temple.
 10511 | D:8      | Found a staircase to the Lair.
 10629 | D:8      | Noticed a two-headed ogre
 10643 | D:8      | HP: 3/72 [two-headed ogre/giant club (22)]
 10643 | D:8      | Slain by a two-headed ogre

Vault maps used:
D:1:      ncdulo_watergridlock
D:2:      overflow_temple_1_default, lemuel_coloured_pillars_altar,
          lemuel_round_altar, fedhas_altar_1, uniq_jessica
D:3:      lemuel_doored_altar
D:4:      corexii_shantytown, grunt_temple_overflow_open, first_bread
D:5:      yredelemnul_altar_generic, lemuel_old_faithful, uniq_menkaure
D:6:      marbit_many_paths
D:7:      kennysheep_mini_moat, minmay_temple_entry_junction, uniq_duvessa
D:8:      overflow_temple_1_default, dpeg_oklobed_lair, uniq_joseph

Skill      XL: |  1  2  3  4  5  6  7  8  9 |
---------------+----------------------------+-----
Dodging        | 3 4 5 6 7 |  7.8
Fighting       | 3 4 6 7 |  7.4
Polearms       | 3 4 6 7 |  7.3
Throwing       | |  1.0
Armour         | |  1.0
Spellcasting   | |  2.0
Translocations | |  3.0

Action                   |  1- 3 |  4- 6 |  7- 9 || total
-------------------------+-------+-------+-------++-------
Melee: Spear             |   158 |   422 |    74 ||   654
       Trident           |       |       |   601 ||   601
Throw: Tomahawk          |       |     5 |     6 ||    11
Evoke: Wand              |       |       |     2 ||     2
  Use: Scroll            |       |    10 |     9 ||    19
       Potion            |       |     2 |     8 ||    10
  Eat: Chunk             |     1 |    12 |    23 ||    36
       Meat ration       |       |       |     1 ||     1
Armor: Leather armour    |    34 |     4 |     4 ||    42
       Ring mail         |       |    70 |    28 ||    98
       Skin              |       |    11 |    15 ||    26
       Scale mail        |       |       |   164 ||   164
Dodge: Dodged            |    81 |   152 |   315 ||   548
Block: Shield            |       |       |     3 ||     3
